 Dungeon Crawl Stone Soup version 0.20-a0-1018-ge435b50 (webtiles) character file.

513416 Monsterracer the Wrestler (level 25, -11/235 HPs)
             Began as a Ghoul Fighter on Apr 17, 2017.
             Was a Priest of Kikubaaqudgha.
             Mangled by an acid blob (15 damage)
             ... on level 4 of the Pits of Slime.
             The game lasted 03:59:01 (69800 turns).

Monsterracer the Wrestler (Ghoul Fighter)          Turns: 69800, Time: 03:59:02

Health: -11/235    AC: 17    Str: 29      XL:     25   Next: 14%
Magic:  25/26      EV: 17    Int:  3 (4)  God:    Kikubaaqudgha [***...]
Gold:   4795       SH: 19    Dex:  8 (10) Spells: 6/24 levels left

rFire    + + .     SeeInvis +     - Unarmed
rCold    + + +     Gourm    .   C - +2 shield {rF+}
rNeg     + + +     Faith    .   q - +0 acid dragon scales
rPois    ∞         Spirit   .   J - +2 helmet {SInv}
rElec    +         Reflect  +   j - scarf "Fazav" {rC+ MR+++ Str-2 Stlth+}
rCorr    +         Harm     .   P - +2 pair of gloves {archery}
MR       +++++                  X - +2 pair of boots {run}
Stlth    ++++......             r - +3 amulet of reflection
Regen    0.0/turn               H - ring of Vaenwoaw {rPois rF+ rN+ MR+ Stlth+}
MPRegen  0.2/turn               f - ring of Seoc {rElec rC+ rN+ Dex+2 Stlth+}

@: corroded, rotting, quick
A: rotting body, claws 1, carnivore 3, cold resistance 1, negative energy
resistance 3, inhibited regeneration, torment resistance, unbreathing
}: 3/15 runes: decaying, silver, gossamer
a: Receive Corpses, Renounce Religion


You were on level 4 of the Pits of Slime.
You worshipped Kikubaaqudgha.
Kikubaaqudgha was most pleased with you.
You were not hungry.

You visited 9 branches of the dungeon, and saw 44 of its levels.
You visited 1 bazaar.
You also visited: Labyrinth, Bailey, Ice Cave, Volcano and Desolation.

You collected 5916 gold pieces.
You spent 1121 gold pieces at shops.

Inventory:

Missiles
 c - 63 tomahawks
 g - 10 stones
 h - 12 silver tomahawks
 t - 4 poisoned javelins
 u - 8 steel javelins
 y - 3 silver javelins
 A - 8 javelins of returning
 B - 8 tomahawks of returning (quivered)
 N - 2 steel tomahawks
 U - 8 javelins of penetration
Armour
 j - the scarf "Fazav" (worn) {rC+ MR+++ Str-2 Stlth+}
   (You found it in the Desolation of Salt)

   It affects your strength (-2).
   It protects you from cold.
   It affects your resistance to hostile enchantments.
   It makes you more stealthy.
 k - +4 gold dragon scales
 q - +0 acid dragon scales (worn)
 C - a +2 shield of fire resistance (worn)
 J - a +2 helmet of see invisible (worn)
 P - a +2 pair of gloves of archery (worn)
 X - a +2 pair of boots of running (worn)
Jewellery
 f - the ring of Seoc (right hand) {rElec rC+ rN+ Dex+2 Stlth+}
   (You found it in the Desolation of Salt)

   [ring of dexterity]

   It affects your dexterity (+2).
   It protects you from cold.
   It insulates you from electricity.
   It protects you from negative energy.
   It makes you more stealthy.
 r - a +3 amulet of reflection (around neck)
 H - the ring of Vaenwoaw (left hand) {rPois rF+ rN+ MR+ Stlth+}
   (You found it on level 13 of the Dungeon)

   [ring of stealth]

   It protects you from fire.
   It protects you from poison.
   It protects you from negative energy.
   It affects your resistance to hostile enchantments.
   It makes you more stealthy.
Wands
 v - a wand of digging (15/24)
 F - a wand of clouds (6/9)
 S - a wand of digging (24/24)
Scrolls
 a - a scroll of blinking
 b - 9 scrolls of fog
 e - 22 scrolls of identify
 l - 18 scrolls of teleportation
 s - 8 scrolls of recharging
 K - 4 scrolls of fear
 O - 13 scrolls of remove curse
 Q - a scroll of silence
 R - 2 scrolls of torment
 T - 2 scrolls of magic mapping
Potions
 m - 7 potions of agility
 n - a potion of invisibility
 o - a potion of resistance
 p - 8 potions of might
 w - 10 potions of curing
 D - 7 potions of haste
 G - 9 potions of flight
 I - 2 potions of heal wounds
 M - 3 potions of cancellation
 V - 2 potions of ambrosia
Books
 x - the Compendium of Freezing Evil
   (You found it on level 5 of the Vaults)

   Spells                             Type                      Level
   a - Pain                           Necromancy                   1
   b - Ice Form                       Ice/Transmutation            4
   c - Agony                          Necromancy                   5
Comestibles
 d - 24 meat rations
 i - 18 royal jellies


   Skills:
 * Level 21.0 Fighting
 - Level 12.0 Throwing
 + Level 16.4 Armour
 + Level 12.3 Dodging
 - Level 15.2 Shields
 * Level 25.3 Unarmed Combat
 + Level 5.8 Necromancy
   Level 6.0 Invocations


You had 6 spell levels left.
You knew the following spells:

 Your Spells              Type           Power        Failure   Level  Hunger
a - Blink                 Tloc           N/A          89%         2    ###....
b - Swiftness             Chrm/Air       #.......     89%         2    ###....
c - Regeneration          Chrm/Necr      #.........   75%         3    ####...
d - Song of Slaying       Chrm           #.......     89%         2    ###....
e - Teleport Other        Tloc           #.......     99%         3    ####...
f - Shroud of Golubria    Chrm/Tloc      #.........   89%         2    ###....
g - Summon Small Mammal   Summ           #...         71%         1    ##.....
h - Passwall              Tmut/Erth      #.........   89%         2    ###....
i - Corona                Hex            #......      71%         1    ##.....


Dungeon Overview and Level Annotations

Branches:
Dungeon (15/15)            Temple (1/1) D:6            Lair (6/6) D:8
  Swamp (4/4) Lair:3       Spider (4/4) Lair:4        Slime (4/5) Lair:5
    Orc (2/2) D:11            Elf (3/3) Orc:2        Vaults (5/5) D:13
  Crypt (0/3) Vaults:2     Depths (0/5) D:15

Altars:
Ashenzari
Cheibriados
Dithmenos
Elyvilon
Fedhas
Gozag
Hepliaklqana
Kikubaaqudgha
Makhleb
Nemelex Xobeh
Okawaru
Qazlal
Ru
Sif Muna
Trog
Uskayaw
Vehumet
Wu Jian
Xom
Yredelemnul
Zin
The Shining One
Beogh
Jiyva

Shops:
D:11 :   D:15 (=!   Orc:2 (![[   Vaults:2 (   Vaults:4 (%


Innate Abilities, Weirdness & Mutations

Your body is rotting away.
You thrive on raw meat.
You are immune to poison.
You have sharp fingernails.
You are carnivorous and can eat meat at any time.
Your flesh is cold resistant. (rC+)
You are immune to negative energy. (rN+++)
You do not regenerate when monsters are visible.
You are immune to unholy pain and torment.
You can survive without breathing.


Message History

You are splashed with acid!
The acid burns!
You resist.
* * * LOW HITPOINT WARNING * * *
You pummel the acid blob!!
Your hands burn!
* * * LOW HITPOINT WARNING * * *
The acid blob is heavily wounded.
You punch the acid blob!
Your hands burn!
* * * LOW HITPOINT WARNING * * *
The acid blob is severely wounded.
The acid blob spits acid at you. The splash of acid hits you!
The acid corrodes you!
You are splashed with acid!
The acid burns!
You resist.
* * * LOW HITPOINT WARNING * * *
You pummel the acid blob!!
Your hands burn!
* * * LOW HITPOINT WARNING * * *
The acid blob is almost dead.
You barely miss the acid blob.
The acid blob is almost dead.
The acid blob hits you!
You die...
Kikubaaqudgha rasps: "You have failed me!
Welcome... oblivion!"

## ##..........
##.###.#.........
##...#........#...
##.#...............
#..................
####.................
##.#.#.##......#....#.
#.....††.......##.....
##....<@J.............#
#.....†...............#
##.#.#..#........#.....
####...........#......
##.................
#......J...........
#.................<
#..#.................
#..............#..#...


You could see an acid blob.

Vanquished Creatures
  Bai Suzhen (Swamp:4)
  Xtahua (Vaults:4)
  A golden dragon (Vaults:5)
  Arachne (Spider:1)
  An Ice Fiend (IceCv)
  A tentacled monstrosity (Vaults:5)
  Rupert (Lair:6)
  8 deep elf blademasters
  15 titans
  4 deep elf master archers
  22 acid blobs
  Asterion (Spider:3)
  Agnes (Elf:1)
  Gastronok (D:8)
  3 sphinxes (Vaults:5)
  6 tengu reavers
  Roxanne (Swamp:2)
  17 azure jellies
  3 storm dragons (Vaults:5)
  3 thorn hunters
  The ghost of dvd the Gelid, an adept DrIE of Ashenzari (Spider:2)
  2 shadow dragons (Vaults:5)
  12 fire giants
  12 frost giants
  4 ghost moths (Spider:4)
  19 vault wardens
  Louise (Swamp:2)
  Aizul (Vaults:4)
  10 deep elf sorcerers
  An imperial myrmidon (Desolation)
  4 emperor scorpions (Spider:4)
  An orc warlord (Orc:1)
  5 deep elf elementalists
  16 ironheart preservers
  A ghoul (Vaults:4)
  A very ugly thing (Vaults:5)
  A war gargoyle (Vaults:1)
  The ghost of roguesci the Nimble, a journeyman DrWr of Okawaru (D:14)
  13 deep elf demonologists
  17 stone giants
  3 entropy weavers
  A black draconian (Elf:3)
  Azrael (Elf:1)
  A red draconian (Elf:3)
  10 deep elf annihilators
  A yellow draconian (Slime:3)
  3 spark wasps
  4 halazid warlocks (Desolation)
  7 ettins
  9 deep elf death magi
  9 yaktaur captains
  The ghost of 100P the Carver, a journeyman DsFi of Okawaru (Volcano)
  6 death oozes
  A crystal guardian (Desolation)
  2 fire dragons (Vaults:1)
  5 great orbs of eyes
  3 deep elf high priests
  A minotaur (Lab)
  Fannar (Lair:1)
  26 vault guards
  2 servants of whispers (Desolation)
  4 ragged hierophants (Desolation)
  3 rakshasas
  10 peacekeepers
  An ice dragon (Swamp:4)
  5 centaur warriors
  15 hydras
  3 death knights
  The ghost of PeterLawrence the Fighter, a novice MiFi of Okawaru (D:11)
  2 catoblepae
  2 ghost crabs (Swamp:2)
  Erica (D:8)
  A satyr (shapeshifter) (Vaults:5)
  16 death yaks
  22 dancing weapons
  28 two-headed ogres
  9 ogre magi
  6 alligators
  A deep troll earth mage (Vaults:2)
  5 tengu warriors
  4 orc high priests
  Urug (Lair:3)
  Sonja (Lair:1)
  A large abomination (Elf:3)
  5 spriggans
  26 deep elf knights
  A hell knight (Volcano)
  5 shadow wraiths
  3 small abominations
  4 unseen horrors
  13 deep trolls
  A skeletal warrior (Vaults:4)
  2 spriggan druids
  2 wizards
  9 swamp dragons
  A glowing orange brain (Vaults:3)
  A flayed ghost (Vaults:4)
  A shambling mangrove (Swamp:4)
  The ghost of Megalobster the Cleaver, a novice MiBe of Trog (D:6)
  20 ironbrand convokers
  Pikel (D:8)
  13 deep elf archers
  4 harpies (Vaults:4)
  19 orc knights
  3 necromancers
  6 shining eyes
  65 deep elf magi
  A wolf spider (shapeshifter) (Vaults:1)
  16 orb spiders
  28 ugly things
  8 orc sorcerers
  44 wolf spiders
  2 oklob plants
  3 moths of wrath
  Maurice (D:8)
  5 cyclopes
  4 black mambas
  3 guardian serpents (shapeshifter)
  3 elephants (Lair:6)
  3 eyes of devastation
  A black mamba (shapeshifter) (Vaults:3)
  2 gargoyles
  2 torpor snails
  An ice statue (IceCv)
  2 naga magi (D:15)
  13 vault sentinels
  35 spiny frogs
  37 yaktaurs
  9 demonic crawlers
  A rime drake (Lair:6)
  5 komodo dragons
  2 efreet
  8 freezing wraiths
  6 anaconda simulacra (IceCv)
  6 ice devils (IceCv)
  7 trolls
  A meliai (shapeshifter) (Vaults:1)
  A tengu conjurer (D:15)
  A polar bear (Lair:3)
  8 tyrant leeches
  A hornet (shapeshifter) (D:13)
  35 jumping spiders
  29 saltlings (Desolation)
  A wolf spider simulacrum (IceCv)
  8 bog bodies
  16 hornets
  131 slime creatures
  12 hippogriffs
  24 blink frogs
  6 dream sheep
  Sigmund (D:4)
  3 air elementals (Elf:2)
  A shadow (D:13)
  A centaur simulacrum (D:15)
  A spriggan (shapeshifter) (Vaults:4)
  5 water elementals
  2 vampires
  8 fire elementals (Elf:1)
  88 redbacks
  2 wraiths
  42 tarantellas
  Eustachio (D:4)
  A human (shapeshifter) (Vaults:1)
  4 wyverns
  32 yaks
  3 basilisks
  8 golden eyes
  3 hungry ghosts
  20 vampire mosquitoes
  21 swamp worms
  A steam dragon (D:13)
  Edmund (D:4)
  Menkaure (D:6)
  5 harpy simulacra (IceCv)
  4 wargs
  A soldier ant (shapeshifter) (Vaults:4)
  3 hell hounds (Elf:1)
  4 hydra simulacra (IceCv)
  3 iron troll simulacra (IceCv)
  7 insubstantial wisps
  16 water moccasins
  4 acid dragons
  11 porcupines
  2 soldier ants
  Duvessa (D:4)
  42 orc warriors
  13 swamp drakes
  3 ice beasts
  2 phantoms
  6 sky beasts
  A slave (D:8)
  2 black bears
  6 eyes of draining
  31 ogres
  8 wolves
  8 boggarts
  An ettin simulacrum (IceCv)
  22 centaurs
  4 big kobolds
  18 crocodiles
  25 bullfrogs
  5 earth elementals
  A wyvern zombie (D:14)
  Dowan (D:4)
  4 scorpions
  A wyvern skeleton (D:12)
  The ghost of Megalobster the Chopper, a weakling MiBe of Trog (D:3)
  19 killer bees
  8 wights
  An electric eel (Lair:3)
  5 howler monkeys
  7 crimson imps
  9 centaur zombies
  A draconian simulacrum (IceCv)
  2 hounds
  A quasit (D:7)
  3 bullfrog zombies
  9 jellies
  28 orc priests
  31 orc wizards
  6 centaur skeletons
  12 worker ants
  3 iguanas
  A spriggan simulacrum (IceCv)
  A troll simulacrum (IceCv)
  2 hound skeletons (D:7)
  A hound zombie (D:7)
  A worker ant zombie (D:11)
  17 adders
  6 gnolls
  A howler monkey skeleton (D:8)
  5 naga simulacra (IceCv)
  2 ogre simulacra
  2 shadow imps
  10 white imps
  8 ufetubi (IceCv)
  3 adder skeletons
  An adder zombie (D:6)
  A worm (D:2)
  2 dart slugs
  6 leopard geckos
  99 orcs
  2 ball pythons
  5 bats
  7 giant cockroaches
  7 hobgoblins
  7 jackals
  5 quokkas
  5 frilled lizards
  5 goblins
  A jackal skeleton (D:6)
  29 kobolds
  5 rats
  3 crawling corpses
  A fungus (Lair:6)
  4 plants
2108 creatures vanquished.

Vanquished Creatures (collateral kills)
  A two-headed ogre (Vaults:1)
  An ufetubus (Vaults:1)
2 creatures vanquished.

Vanquished Creatures (others)
  Jorgrun (Swamp:3)
  4 deep elf master archers
  A titan (Slime:4)
  A fire giant (Vaults:5)
  A ragged hierophant (Desolation)
  2 yaktaur captains (Vaults:1)
  3 centaur warriors
  A spriggan (Swamp:2)
  A deep elf knight (Elf:3)
  A deep elf archer (Slime:3)
  4 deep elf magi
  3 cyclopes
  5 yaktaurs
  2 hornets (Swamp:2)
  A yak (Lair:1)
  A fire elemental (Elf:1)
  A basilisk (Lair:1)
  A swamp worm (Swamp:2)
  2 orc warriors
  An ogre (Vaults:4)
  8 centaurs
  An orc wizard (Orc:2)
  4 orcs
  A quokka (D:11)
  A bush (Lair:4)
  8 fungi
  45 plants
105 creatures vanquished.

Grand Total: 2215 creatures vanquished

Notes
Turn   | Place    | Note
-------+----------+-------------------------------------------
     0 | D:1      | Monsterracer the Ghoul Fighter began the quest for the Orb.
     0 | D:1      | Reached XP level 1. HP: 19/19 MP: 0/0
   199 | D:1      | Reached XP level 2. HP: 23/25 MP: 1/1
   209 | D:1      | Reached skill level 3 in Unarmed Combat
   584 | D:1      | Reached XP level 3. HP: 27/31 MP: 2/2
   894 | D:2      | Reached skill level 4 in Unarmed Combat
   913 | D:2      | Found a glowing golden altar of the Shining One.
  1041 | D:2      | Reached XP level 4. HP: 32/38 MP: 3/3
  1146 | D:2      | Found a sacrificial altar of Ru.
  1283 | D:2      | Reached skill level 5 in Unarmed Combat
  1418 | D:3      | Found a radiant altar of Vehumet.
  1544 | D:3      | Reached XP level 5. HP: 42/45 MP: 4/4
  1568 | D:3      | Found a shimmering altar of Xom.
  1733 | D:3      | Noticed Megalobster's ghost (weakling MiBe)
  1742 | D:3      | Killed Megalobster's ghost
  1946 | D:3      | Reached skill level 6 in Unarmed Combat
  1946 | D:3      | Reached XP level 6. HP: 40/51 MP: 5/5
  2580 | D:4      | Noticed Edmund
  2785 | D:4      | Killed Edmund
  2850 | D:4      | Reached XP level 7. HP: 59/59 MP: 6/6
  2938 | D:4      | Noticed Sigmund
  2969 | D:4      | Killed Sigmund
  3034 | D:4      | Reached skill level 7 in Unarmed Combat
  3345 | D:4      | Lost intelligence.
  3508 | D:5      | Entered Level 5 of the Dungeon
  3508 | D:5      | Noticed Duvessa
  3510 | D:5      | Noticed Dowan
  3635 | D:4      | Killed Duvessa
  3648 | D:4      | Killed Dowan
  3874 | D:5      | Noticed Eustachio
  3891 | D:4      | Killed Eustachio
  3891 | D:4      | Reached skill level 5 in Fighting
  3891 | D:4      | Reached XP level 8. HP: 60/66 MP: 7/7
  3937 | D:4      | Reached skill level 8 in Unarmed Combat
  4165 | D:5      | Reached skill level 1 in Dodging
  4195 | D:5      | Found a basalt altar of Yredelemnul.
  4714 | D:6      | Found a staircase to the Ecumenical Temple.
  4727 | D:6      | Reached skill level 9 in Unarmed Combat
  4747 | Temple   | Entered the Ecumenical Temple
  4754 | Temple   | Became a worshipper of Warmaster Okawaru
  4811 | D:6      | Noticed Menkaure
  4818 | D:6      | Killed Menkaure
  4818 | D:6      | Reached XP level 9. HP: 73/73 MP: 5/8
  4825 | D:6      | Reached skill level 5 in Armour
  4915 | D:6      | Noticed Megalobster's ghost (novice MiBe)
  4943 | D:6      | Killed Megalobster's ghost
  4943 | D:6      | Reached * piety under Okawaru
  4943 | D:6      | Reached skill level 1 in Invocations
  6354 | D:7      | Reached skill level 10 in Unarmed Combat
  6503 | D:7      | Reached ** piety under Okawaru
  7039 | D:8      | Found a glowing silver altar of Zin.
  7077 | D:8      | Noticed Pikel
  7097 | D:8      | Killed Pikel
  7097 | D:8      | Reached XP level 10. HP: 67/86 MP: 11/11
  7272 | D:8      | Noticed Erica
  7327 | D:8      | Killed Erica
  7327 | D:8      | Reached *** piety under Okawaru
  7607 | D:8      | Found Duacek's Magic Scroll Boutique.
  7638 | D:8      | Noticed a death yak
  7638 | D:8      | Noticed Gastronok
  7639 | D:8      | Noticed a death yak
  7643 | D:8      | Noticed a death yak
  7643 | D:8      | Noticed a death yak
  7643 | D:8      | Noticed a death yak
  7653 | D:8      | Noticed a death yak
  7669 | D:8      | Killed a death yak
  7669 | D:8      | Reached **** piety under Okawaru
  7669 | D:8      | Reached skill level 1 in Throwing
  7669 | D:8      | Reached skill level 11 in Unarmed Combat
  7683 | D:7      | Killed a death yak
  7683 | D:7      | Reached skill level 5 in Dodging
  8295 | D:8      | Found a staircase to the Lair.
  8309 | D:8      | Received a gift from Okawaru
  8349 | D:8      | Reached XP level 11. HP: 76/93 MP: 13/13
  8428 | D:8      | Noticed Maurice
  8442 | D:8      | Killed Maurice
  8578 | D:8      | Killed Gastronok
  8578 | D:8      | Reached skill level 12 in Unarmed Combat
  8629 | D:7      | HP: 2/95 [death yak (12)]
  8632 | D:7      | Killed a death yak
  8632 | D:7      | Received a gift from Okawaru
  9058 | D:7      | Killed a death yak
  9270 | D:7      | Killed a death yak
  9334 | D:8      | Killed a death yak
  9334 | D:8      | Reached ***** piety under Okawaru
 10883 | D:10     | Entered Level 10 of the Dungeon
 10885 | D:10     | Found a viscous altar of Jiyva.
 11272 | D:10     | Reached skill level 13 in Unarmed Combat
 11334 | D:10     | Noticed a two-headed ogre
 11337 | D:10     | Reached XP level 12. HP: 104/104 MP: 14/14
 11342 | D:10     | Killed a two-headed ogre
 11453 | D:10     | Noticed a two-headed ogre
 11463 | D:10     | Killed a two-headed ogre
 11463 | D:10     | Received a gift from Okawaru
 12449 | D:10     | Noticed a two-headed ogre
 12462 | D:10     | Killed a two-headed ogre
 12802 | Lair:1   | Entered Level 1 of the Lair of Beasts
 12802 | Lair:1   | Noticed Sonja
 12901 | Lair:1   | Killed Sonja
 13026 | Lair:1   | Found a labyrinth entrance.
 13035 | Lab      | Entered a labyrinth
 13245 | Lab      | Noticed a minotaur
 13256 | Lab      | Killed a minotaur
 13259 | Lab      | Got a steaming chain mail
 13261 | Lab      | Identified Rojyliss's Papyrus of the Assistive Traveller
 13263 | Lab      | Got a scorched cloak
 13276 | Lab      | Identified the cursed +1 chain mail of Xeorod {rPois rF+ Dex+3} (You took it off a minotaur in a labyrinth)
 13286 | Lab      | Identified the +0 cloak of Kucigg {Int+2 Slay+2} (You found it in a labyrinth)
 13518 | Lair:1   | Found a dark tunnel.
 13527 | Volcano  | Entered a volcano
 13527 | Volcano  | Noticed 100P's ghost (journeyman DsFi)
 13539 | Volcano  | Killed 100P's ghost
 13540 | Volcano  | Reached skill level 10 in Fighting
 13541 | Volcano  | Noticed a centaur warrior
 13546 | Volcano  | Reached skill level 14 in Unarmed Combat
 13550 | Volcano  | Killed a centaur warrior
 13552 | Volcano  | Reached XP level 13. HP: 79/113 MP: 15/15
 14439 | Lair:1   | Reached skill level 5 in Shields
 14609 | Lair:1   | Noticed Fannar
 14626 | Lair:1   | Killed Fannar
 14626 | Lair:1   | Reached skill level 5 in Throwing
 15480 | Lair:2   | Reached skill level 10 in Dodging
 15975 | Lair:3   | Found a staircase to the Swamp.
 16468 | Lair:3   | Noticed Urug
 16473 | Lair:3   | Killed Urug
 16660 | Lair:3   | Received a gift from Okawaru
 17572 | Lair:4   | HP: 3/113 [jumping spider (11)]
 17834 | Lair:4   | Found a hole to the Spider Nest.
 18115 | Lair:4   | Received a gift from Okawaru
 18492 | Lair:5   | Found a snail-covered altar of Cheibriados.
 18518 | Lair:5   | Found a viscous altar of Jiyva.
 18519 | Lair:5   | Found a staircase to the Slime Pits.
 19118 | Lair:6   | Entered Level 6 of the Lair of Beasts
 19145 | Lair:5   | Reached skill level 15 in Unarmed Combat
 19357 | Lair:6   | Reached skill level 5 in Invocations
 19357 | Lair:6   | Reached XP level 14. HP: 108/122 MP: 16/16
 19432 | Lair:6   | Received a gift from Okawaru
 19471 | Lair:6   | Received a gift from Okawaru
 19496 | Lair:6   | Got a warped quarterstaff {god gift}
 19599 | Lair:6   | Noticed Rupert
 19625 | Lair:6   | Killed Rupert
 19651 | Lair:6   | Reached ****** piety under Okawaru
 19709 | Lair:6   | Received a gift from Okawaru
 19998 | Lair:6   | Received a gift from Okawaru
 20017 | Lair:6   | Got a distressingly furry scarf {god gift}
 20028 | Lair:6   | Identified the scarf "Ybesm" {Dex+3} (Okawaru gifted it to you on level 6 of the Lair of Beasts)
 20568 | Lair:6   | Learned a level 2 spell: Blink
 20571 | Lair:6   | Learned a level 2 spell: Swiftness
 20658 | Lair:6   | Reached skill level 16 in Unarmed Combat
 21503 | D:11     | Found a staircase to the Orcish Mines.
 21758 | D:11     | Noticed PeterLawrence's ghost (novice MiFi)
 21772 | D:11     | Killed PeterLawrence's ghost
 21849 | D:11     | Reached XP level 15. HP: 113/131 MP: 18/18
 22641 | D:11     | Found Jooreozo's Book Shoppe.
 22762 | Orc:1    | Entered Level 1 of the Orcish Mines
 22831 | Orc:2    | Entered Level 2 of the Orcish Mines
 22831 | Orc:2    | Found a staircase to the Elven Halls.
 22841 | Orc:2    | Noticed an orc warlord
 22928 | Orc:2    | Paralysed by an orc sorcerer for 3 turns
 22978 | Orc:1    | Killed an orc warlord
 23290 | Orc:2    | Reached skill level 10 in Armour
 23355 | Orc:1    | Found a flagged portal.
 23363 | Bailey   | Entered a bailey
 23558 | Bailey   | Learned a level 3 spell: Regeneration
 23561 | Bailey   | Learned a level 2 spell: Song of Slaying
 24138 | Orc:1    | Found a roughly hewn altar of Beogh.
 24505 | Orc:2    | Received a gift from Okawaru
 24824 | Orc:2    | Found Gewubau's Antique Armour Emporium.
 24824 | Orc:2    | Found Ginublabiw's Weapon Boutique.
 24827 | Orc:2    | Found Onauj's Armour Emporium.
 24827 | Orc:2    | Found Yshural's Distillery.
 24852 | Orc:2    | Bought 2 potions of haste for 240 gold pieces
 24859 | Orc:2    | Bought a slimy cloak for 332 gold pieces
 24869 | Orc:2    | Identified the +2 cloak of Kuchegypp {+Fly MR- Dex+3 Stlth+} (You bought it in a shop on level 2 of the Orcish Mines)
 24882 | Orc:2    | Bought the +2 pair of boots of Purpose {*Drain rF++ Dex+3} for 397 gold pieces
 25168 | D:12     | Found a radiant altar of Vehumet.
 26906 | D:13     | Found a gate to the Vaults.
 27522 | D:13     | Got a coiled steel ring
 27524 | D:13     | Identified the ring of Vaenwoaw {rPois rF+ rN+ MR+ Stlth+} (You found it on level 13 of the Dungeon)
 27859 | D:13     | Reached skill level 17 in Unarmed Combat
 28258 | D:13     | Received a gift from Okawaru
 28654 | D:14     | Reached XP level 16. HP: 141/141 MP: 19/19
 28768 | D:14     | Noticed roguesci's ghost (journeyman DrWr)
 28808 | D:14     | Killed roguesci's ghost
 28808 | D:14     | Received a gift from Okawaru
 29400 | D:14     | Learned a level 3 spell: Teleport Other
 29403 | D:14     | Learned a level 2 spell: Shroud of Golubria
 29516 | D:15     | Entered Level 15 of the Dungeon
 29656 | D:15     | Found a sparkling altar of Nemelex Xobeh.
 29665 | D:15     | Found a flickering gateway to a bazaar.
 29675 | Bazaar   | Entered a bazaar
 29721 | Bazaar   | Found Sebyejoig's Gadget Boutique.
 29729 | Bazaar   | Found Iddenny's Gadget Shoppe.
 29741 | Bazaar   | Found Tuizaist's Book Shoppe.
 29746 | Bazaar   | Found Kazxelih's Food Shop.
 30027 | D:15     | Found Ofiar's Weapon Emporium.
 30035 | D:15     | Bought 4 tomahawks for 32 gold pieces
 30407 | D:15     | Found a staircase to the Depths.
 30636 | D:15     | Received a gift from Okawaru
 30762 | D:15     | Found Echeituh's Jewellery Shop.
 30788 | D:15     | Found Xuxithrin's Distillery.
 30791 | D:15     | Bought a potion of haste for 120 gold pieces
 31391 | Swamp:1  | Entered Level 1 of the Swamp
 32252 | Swamp:2  | Noticed Roxanne
 32270 | Swamp:2  | Killed Roxanne
 32271 | Swamp:2  | Identified Roxanne's Volume of Changing (You took it off Roxanne on level 2 of the Swamp)
 32922 | Swamp:2  | Noticed a thorn hunter
 32937 | Swamp:2  | Killed a thorn hunter
 33260 | Swamp:2  | Noticed Louise
 33379 | Swamp:2  | Killed Louise
 33381 | Swamp:2  | Got a heavily runed large shield
 33392 | Swamp:2  | Identified the +7 large shield "Disutin" {*Corrode Str+5 Int+4} (You took it off Louise on level 2 of the Swamp)
 33889 | Swamp:2  | Reached skill level 18 in Unarmed Combat
 34406 | Swamp:2  | Reached XP level 17. HP: 150/152 MP: 20/20
 34824 | Swamp:2  | Learned a level 1 spell: Summon Small Mammal
 35047 | Swamp:3  | Noticed Jorgrun
 35068 | Swamp:3  | Killed Jorgrun
 35079 | Swamp:3  | Received a gift from Okawaru
 35702 | Swamp:4  | Entered Level 4 of the Swamp
 35901 | Swamp:4  | Found a frozen archway.
 35928 | IceCv    | Entered an ice cave
 36992 | IceCv    | Received a gift from Okawaru
 37026 | IceCv    | Noticed an Ice Fiend
 37059 | IceCv    | Killed an Ice Fiend
 38528 | Swamp:4  | Received a gift from Okawaru
 38588 | Swamp:4  | Reached skill level 15 in Fighting
 38646 | Swamp:4  | Got a decaying rune of Zot
 38780 | Swamp:4  | Noticed Bai Suzhen
 38796 | Swamp:4  | Killed Bai Suzhen
 38796 | Swamp:4  | Reached skill level 10 in Shields
 38806 | Swamp:4  | Reached skill level 10 in Throwing
 39323 | Spider:1 | Entered Level 1 of the Spider Nest
 39394 | Spider:1 | Reached XP level 18. HP: 163/163 MP: 21/21
 39405 | Spider:1 | Reached skill level 19 in Unarmed Combat
 40255 | Spider:2 | Noticed Arachne
 40471 | Spider:1 | Received a gift from Okawaru
 40912 | Spider:1 | Killed Arachne
 41160 | Spider:2 | Noticed dvd's ghost (adept DrIE)
 41191 | Spider:2 | Killed dvd's ghost
 41445 | Spider:2 | You fall through a shaft!
 42296 | Spider:3 | Noticed Asterion
 42525 | Spider:3 | Killed Asterion
 43103 | Spider:4 | Entered Level 4 of the Spider Nest
 43120 | Spider:4 | Received a gift from Okawaru
 43733 | Spider:4 | Reached XP level 19. HP: 172/172 MP: 22/22
 44242 | Spider:4 | Reached skill level 20 in Unarmed Combat
 44388 | Spider:4 | Got a gossamer rune of Zot
 44530 | Spider:4 | Received a gift from Okawaru
 44908 | Elf:1    | Entered Level 1 of the Elven Halls
 45183 | Elf:1    | Received a gift from Okawaru
 45209 | Elf:1    | Identified a +2 pair of boots of running (Okawaru gifted it to you on level 1 of the Elven Halls)
 45239 | Elf:1    | Noticed Azrael
 45276 | Elf:1    | Killed Azrael
 45367 | Elf:1    | Found a ruined gateway.
 45410 | Desolati | Entered the Desolation of Salt
 46208 | Desolati | Identified the Collected Works on the Volcanoes and Summoning
 46210 | Desolati | Identified the Grimoire of Shifting Black Rites
 46217 | Desolati | Learned a level 2 spell: Passwall
 46219 | Desolati | Learned a level 1 spell: Corona
 46225 | Desolati | Got a vibrating jade ring
 46227 | Desolati | Identified the ring "Foanie Tutei" {rPois rN+ Str-5 Dex+4} (You found it in the Desolation of Salt)
 46238 | Desolati | Got a translucent tin amulet
 46240 | Desolati | Identified the amulet "Nekkontu" {RegenMP Int+2 Dex+4 Stlth+} (You found it in the Desolation of Salt)
 46468 | Desolati | Got a faintly glowing brass ring
 46470 | Desolati | Identified the ring of Seoc {rElec rC+ rN+ Dex+2 Stlth+} (You found it in the Desolation of Salt)
 46487 | Desolati | Identified Soiklay's Grimoire of Poison and Summoning
 46562 | Desolati | Got a jewelled scarf
 46596 | Desolati | Identified the scarf "Fazav" {rC+ MR+++ Str-2 Stlth+} (You found it in the Desolation of Salt)
 46661 | Desolati | Reached XP level 20. HP: 180/185 MP: 23/23
 47060 | Elf:1    | Noticed Agnes
 47084 | Elf:1    | Killed Agnes
 47267 | Elf:1    | Received a gift from Okawaru
 47745 | Elf:2    | Found a runed gate.
 47745 | Elf:2    | Found a runed gate.
 47746 | Elf:2    | Found a runed gate.
 47817 | Elf:2    | Received a gift from Okawaru
 48446 | Elf:2    | Reached skill level 21 in Unarmed Combat
 48567 | Elf:2    | Received a gift from Okawaru
 48768 | Elf:3    | Entered Level 3 of the Elven Halls
 49372 | Slime:1  | Entered Level 1 of the Pits of Slime
 51331 | Slime:1  | Received a gift from Okawaru
 51899 | Slime:2  | Received a gift from Okawaru
 52543 | Vaults:1 | Entered Level 1 of the Vaults
 52759 | Vaults:1 | Reached XP level 21. HP: 166/186 MP: 24/24
 53017 | Vaults:1 | Received a gift from Okawaru
 53224 | Vaults:1 | Received a gift from Okawaru
 53955 | Vaults:2 | Reached skill level 22 in Unarmed Combat
 54080 | Vaults:2 | Found Utokhluq's Antique Weapon Emporium.
 54312 | Vaults:2 | Received a gift from Okawaru
 54818 | Vaults:2 | Identified a scroll of acquirement
 54821 | Vaults:2 | Got a transparent cloak
 54832 | Vaults:2 | Identified the +0 cloak of Elyvilon's Castigation {+Inv Regen+ Int-2 Dex+2} (You acquired it on level 2 of the Vaults)
 55212 | Vaults:2 | Found a staircase to the Crypt.
 55553 | Vaults:3 | Reached XP level 22. HP: 109/205 MP: 25/25
 56208 | Vaults:3 | Received a gift from Okawaru
 56989 | Vaults:4 | Noticed Aizul
 57002 | Vaults:4 | Killed Aizul
 57039 | Vaults:4 | Found Fouqil's Antique Weapon Emporium.
 57327 | Vaults:4 | Received a gift from Okawaru
 57442 | Vaults:4 | Found Jinnemau's Food Shop.
 57506 | Vaults:4 | Noticed Xtahua
 57515 | Vaults:4 | Killed Xtahua
 57529 | Vaults:4 | Reached skill level 23 in Unarmed Combat
 58182 | Vaults:5 | Entered Level 5 of the Vaults
 58283 | Vaults:5 | Received a gift from Okawaru
 58423 | Vaults:5 | Got a wavering granite ring
 58428 | Vaults:5 | Identified the ring "Lonast" {MR+ Str-5 Int+4} (You found it on level 5 of the Vaults)
 58480 | Vaults:5 | Received a gift from Okawaru
 58590 | Vaults:5 | Reached skill level 15 in Armour
 58669 | Vaults:5 | Reached XP level 23. HP: 184/215 MP: 23/26
 58880 | Vaults:5 | Received a gift from Okawaru
 59004 | Vaults:5 | Received a gift from Okawaru
 59020 | Vaults:5 | Received a gift from Okawaru
 59034 | Vaults:5 | Noticed a golden dragon
 59194 | Vaults:5 | Identified the Compendium of Freezing Evil
 59384 | Vaults:5 | Reached skill level 24 in Unarmed Combat
 59478 | Vaults:5 | Got a vibrating tin amulet
 59682 | Vaults:5 | Identified the amulet of Toveenoa {Faith rPois rC+++ MP+9 Stlth-} (You took it off a deep elf demonologist on level 5 of the Vaults)
 59729 | Vaults:5 | Got a silver rune of Zot
 59742 | Vaults:5 | Got a pair of spiked boots
 59753 | Vaults:5 | Identified the +0 pair of boots of Insurance {rC+} (You found it on level 5 of the Vaults)
 59780 | Vaults:5 | Received a gift from Okawaru
 60144 | Vaults:5 | Killed a golden dragon
 60203 | Vaults:5 | Received a gift from Okawaru
 60636 | Temple   | Fell from the grace of Okawaru
 60636 | Temple   | Became a worshipper of Kikubaaqudgha
 60827 | Elf:3    | Reached XP level 24. HP: 222/223 MP: 26/26
 60831 | Elf:3    | Reached skill level 1 in Necromancy
 61815 | Elf:3    | Reached * piety under Kikubaaqudgha
 61815 | Elf:3    | Identified Kikubaaqudgha's Incunabulum of Evil Rites (Kikubaaqudgha gifted it to you on level 3 of the Elven Halls)
 61815 | Elf:3    | Received a gift from Kikubaaqudgha
 61931 | Elf:3    | Got a serpentine emerald amulet
 61977 | Elf:3    | Got a twisted helmet
 61988 | Elf:3    | Identified the +0 helmet of Voocur {rF+ Str+2} (You found it on level 3 of the Elven Halls)
 62003 | Elf:3    | Identified the amulet "Oseduehi" {Spirit rPois rN++ Dex-3 Stlth+} (You took it off a deep elf master archer on level 3 of the Elven Halls)
 62821 | Elf:3    | Identified Ocoav's Papyrus of Fetching Earth
 64547 | Slime:2  | Reached skill level 15 in Shields
 65976 | Slime:2  | Reached skill level 25 in Unarmed Combat
 65987 | Slime:2  | Reached ** piety under Kikubaaqudgha
 67110 | Slime:2  | Reached skill level 5 in Necromancy
 68407 | Slime:3  | Reached *** piety under Kikubaaqudgha
 68407 | Slime:3  | Identified Kikubaaqudgha's Disquisition on Sinister Rituals (Kikubaaqudgha gifted it to you on level 3 of the Pits of Slime)
 68407 | Slime:3  | Received a gift from Kikubaaqudgha
 68678 | Slime:3  | Reached XP level 25. HP: 196/233 MP: 26/26
 69777 | Slime:4  | HP: 10/235 [titan[the fury of Okawaru] (25)]
 69788 | Slime:4  | HP: 8/235 [acid (9)]
 69788 | Slime:4  | HP: 3/235 [acid (5)]
 69798 | Slime:4  | HP: 11/235 [acid (2)]
 69799 | Slime:4  | HP: 4/235 [acid (2)]
 69800 | Slime:4  | Mangled by an acid blob

Vault maps used:
D:1:      sevenhm_arrival_forest_fort_large_2
D:2:      tso_oasis_becter, nicolae_ru_path_of_blood
D:3:      vehumet_crystals, lemuel_round_altar, minmay_misc_feat_nine_boxes
D:4:      first_bread, uniq_sigmund, uniq_edmund
D:5:      basic_altar, uniq_duvessa, uniq_eustachio
D:6:      minmay_temple_entry_statues_fountains, uniq_menkaure
D:8:      zin_academy, dpeg_lair_monsters, serial_shops, nicolae_shop_stone,
          grunt_ogre_cave, uniq_maurice, uniq_pikel, uniq_gastronok, uniq_erica
D:10:     st_stairs_11, jiyva_altar_1
D:11:     hiddenorc2_lemuel, serial_shops, shop
D:12:     basic_altar
D:13:     wad_mega_maze, david_vaults_5
D:14:     minmay_misc_feat_four_crosses
D:15:     grunt_enter_depths_magical_seal, serial_shops, freezing_bzr, shop,
          nicolae_shop_behind_doors, shop, chequers_big_river,
          grunt_ministairs_5, nemelex_xobeh_ov_fountains_minmay
Temple:   nicolae_temple_no_exploring_needed
Lair:1:   lab_entry_generic, nicolae_volcano_entry_lava_flow,
          serial_bayou_pond_d, pond, grunt_megastairs_3, serial_bayou_shore_a,
          uniq_sonja, uniq_fannar
Lair:3:   swamp_mist_pool, cheibrodos_lair_reptile_den, uniq_urug
Lair:4:   spider_nest_entry_funnel_web, st_stairs_12
Lair:5:   dpeg_slime_entry_enclosed_altar, basic_altar,
          nicolae_lair_grove_arrangements
Lair:6:   minmay_lair_end_frog_pond, uniq_rupert
Swamp:1:  hangedman_swamp_diagram, infiniplex_staircase_pool_2
Swamp:2:  evilmike_swamp_ruin_rubble_1, uniq_roxanne, uniq_louise
Swamp:3:  evilmike_swamp_ruin_house_1, swamp_pool1, uniq_jorgrun
Swamp:4:  swamp, portal_ice_cave_entry_dragon, uniq_bai_suzhen
Spider:2: nicolae_arachne_temple
Spider:3: uniq_asterion
Spider:4: spider_rune_water, uniq_arachne
Slime:1:  special_room
Slime:2:  cheibrodos_slime_lost_civilization_1
Slime:3:  cheibrodos_slime_lost_civilization_4
Orc:1:    enter_bailey_2, david_defended_altar_orc
Orc:2:    grunt_orc_tribal_feast
Elf:1:    eino_elf_arrival_sip, portal_desolation_entry_twin_temple,
          hangedman_elf_disciples, hex_intersection, amethyst_killhole,
          uniq_azrael, uniq_agnes
Elf:3:    grunt_elf_hall_spiral
Vaults:1: vaults_room_grunt_arrival_ludios, nicolae_vaults_big_angled_halls,
          hangedman_vaults_unwind, vaults_mumra_chevron_long, dpeg_vaults_waves,
          ontoclasm_vaults_ring_square, serial_ice_b, grunt_vaults_diagonal
Vaults:2: nicolae_vaults_circle_grid_b, blue_anna_dwarven_crypt,
          vaults_dpeg_ring, vaults_room_semicircle,
          nicolae_vaults_border_crossing, hangedman_vaults_capsules,
          serial_shops, nicolae_shop_waterfront
Vaults:3: vaults_room_octagon, nicolae_vaults_angled_halls,
          nicolae_vaults_alarming, nicolae_vaults_rhombus_6, kb_rosetta,
          hangedman_vaults_locks, ontoclasm_vaults_tryst,
          nicolae_vaults_network_periphery, ontoclasm_vaults_eye,
          vaults_room_grid, v_misc_15, vaults_room_semicircle
Vaults:4: vaults_room_octagon, v_misc_24, vaults_room_mumra_shop_pool,
          v_pattern_2, nicolae_vaults_yaktaur_gun_rack, v_misc_23,
          nicolae_vaults_sealed_display, dpeg_vaults_monster_box, serial_shops,
          shop, uniq_sojobo, uniq_aizul, uniq_xtahua
Lab:      labyrinth_watery, nicolae_lab_checkerboard
Bazaar:   bazaar_kb_twisted_cavern
Bailey:   bailey_polearm_4, bailey
IceCv:    ice_cave_caverns_01
Volcano:  volcano_caves

Skill      XL: |  1  2  3  4  5  6  7  8  9 10 11 12 13 14 15 16 17 18 19 20 21 22 23 24 25 |
---------------+----------------------------------------------------------------------------+-----
Unarmed Combat | 3 4 5 6 7 9 10 11 13 14 15 16 17 18 19 20 21 22 23 24 25 | 25.3
Armour         | 3 4 5 6 7 8 9 10 11 12 13 14 15 16 | 16.4
Shields        | 3 4 6 7 8 9 10 11 12 13 14 15 | 15.2
Fighting       | 4 5 6 7 8 9 10 11 12 14 15 16 17 18 19 20 21 | 21.0
Dodging        | 2 3 5 8 9 10 11 12 | 12.3
Invocations    | 3 4 5 6 |  6.0
Throwing       | 2 3 4 6 7 8 9 10 11 12 | 12.0
Necromancy     | 5 |  5.8

Action                   |  1- 3 |  4- 6 |  7- 9 | 10-12 | 13-15 | 16-18 | 19-21 | 22-24 | 25-27 || total
-------------------------+-------+-------+-------+-------+-------+-------+-------+-------+-------++-------
Melee: Unarmed           |   106 |   178 |   377 |   656 |  1468 |  1720 |  1821 |  2149 |    94 ||  8569
       Punch             |       |       |       |       |     1 |       |       |       |       ||     1
Throw: Stone             |    11 |    26 |    35 |   184 |   684 |   473 |   315 |       |       ||  1728
       Javelin           |       |       |       |     7 |     3 |       |       |       |       ||    10
       Tomahawk          |       |       |       |     2 |       |     3 |    59 |    60 |    35 ||   159
       Throwing net      |       |       |       |     2 |       |       |       |       |       ||     2
Invok: Heroism           |       |       |       |    13 |    15 |    20 |    15 |     9 |       ||    72
       Finesse           |       |       |       |       |     2 |     3 |     2 |     3 |       ||    10
       Receive Corpses   |       |       |       |       |       |       |       |     6 |     2 ||     8
Evoke: Wand              |       |       |       |       |     1 |       |       |     1 |       ||     2
  Use: Potion            |     2 |     1 |     6 |     6 |     7 |     2 |       |     1 |     3 ||    28
       Scroll            |       |     5 |     4 |    12 |     7 |    10 |    10 |    13 |     1 ||    62
 Stab: Held in net/web   |       |       |       |     4 |       |       |       |       |       ||     4
       Sleeping          |       |       |       |       |       |       |     4 |       |       ||     4
       Distracted        |       |       |       |       |       |       |     3 |     3 |       ||     6
  Eat: Chunk             |     6 |     9 |    15 |    50 |   125 |   117 |    90 |   131 |     7 ||   550
       Royal jelly       |       |       |       |       |       |       |     3 |       |       ||     3
       Meat ration       |       |       |       |       |       |       |     1 |       |       ||     1
Armor: Scale mail        |    42 |       |       |       |       |       |       |       |       ||    42
       Chain mail        |    16 |    22 |       |       |       |       |       |       |       ||    38
       Gold dragon scale |       |    68 |   234 |   367 |   554 |   852 |   631 |   476 |       ||  3182
       Acid dragon scale |       |       |       |       |       |       |    94 |    98 |    24 ||   216
Dodge: Dodged            |    29 |    11 |    61 |   162 |   263 |   568 |   485 |   457 |    34 ||  2070
Block: Shield            |    40 |    24 |       |   252 |   978 |  1416 |  1388 |  1410 |    58 ||  5566
       Buckler           |       |    13 |    74 |   108 |       |       |       |       |       ||   195
       Reflection        |       |       |     2 |    33 |    38 |    41 |    57 |   120 |    11 ||   302
